 Dungeon Crawl Stone Soup version 0.30-b1-2-g02819fbbbe (webtiles) character file.

Game seed: 3382592479956523651

6124 LLlMATKO the Cleaver (level 10, -43/136 HPs)
             Began as a Minotaur Berserker on Aug 30, 2023.
             Was an Elder of Trog.
             Annihilated by Erolcha
             ... wielding a +2 spectral giant spiked club
              (48 damage)
             ... on level 9 of the Dungeon.
             The game lasted 00:08:11 (8808 turns).

LLlMATKO the Cleaver (Minotaur Berserker)           Turns: 8808, Time: 00:08:11

Health: -43/136    AC: 17    Str: 26    XL:     10   Next: 59%
Magic:  0/9        EV:  9    Int:  4    God:    Trog [****..]
Gold:   588        SH:  5    Dex: 10    Spells: 9/9 levels left

rFire   . . .        o - +0 war axe
rCold   . . .        I - +0 buckler
rNeg    . . .        g - +0 plate armour
rPois   .            S - +1 hat
rElec   .            Q - +0 cloak {Will+}
rCorr   .            C - +0 pair of gloves
SInv    .            (no boots)
Will    +....        K - amulet of guardian spirit Stlth
                     (no ring)
HPRegen 0.42/turn    (no ring)
MPRegen 0.11/turn

%: guardian spirit
@: berserking, very quick
A: horns 2, retaliatory headbutt
a: Renounce Religion, Berserk, Trog's Hand, Brothers in Arms


You were on level 9 of the Dungeon.
You worshipped Trog.
Trog was greatly pleased with you.
You visited 1 branch of the dungeon, and saw 9 of its levels.

You collected 588 gold pieces.

Inventory:

Hand Weapons
 a - a +0 hand axe
 o - a +0 war axe (weapon)
 P - a +0 war axe
Missiles
 k - 4 silver boomerangs (quivered)
 l - 24 poisoned darts
 q - 3 curare-tipped darts
 F - 6 datura-tipped darts
Armour
 g - a +0 plate armour (worn)
 C - a +0 pair of gloves (worn)
 I - a +0 buckler (worn)
 Q - a +0 cloak of willpower (worn)
 S - a +1 hat (worn)
Jewellery
 J - a ring of positive energy
 K - an amulet of guardian spirit (around neck)
Wands
 n - a wand of charming (11)
 t - a wand of acid (17)
 A - a wand of iceblast (33)
 B - a wand of polymorph (12)
 H - a wand of digging (8)
 R - a wand of flame (26)
Scrolls
 c - 4 scrolls of magic mapping {unknown}
 d - 5 scrolls of teleportation {unknown}
 e - 2 scrolls of vulnerability {unknown}
 f - a scroll of fear {unknown}
 h - 10 scrolls of identify {unknown}
 i - 4 scrolls of fog {unknown}
 p - 2 scrolls of poison {unknown}
 s - 2 scrolls of immolation {unknown}
 x - 3 scrolls of enchant weapon {unknown}
 y - 2 scrolls of silence {unknown}
 z - a scroll of enchant armour {unknown}
 D - 3 scrolls of blinking {unknown}
 O - a scroll of torment {unknown}
 T - a scroll of amnesia {unknown}
Potions
 b - 4 potions of lignification {unknown}
 j - 2 potions of flight {unknown}
 m - a potion of ambrosia {unknown}
 r - 6 potions of curing {unknown}
 u - a potion of heal wounds {unknown}
 v - a potion of brilliance {unknown}
 w - 2 potions of resistance {unknown}
 E - a potion of cancellation {unknown}
 G - 3 potions of mutation {unknown}
 L - a potion of berserk rage {unknown}
 M - 5 potions of attraction {unknown}
 N - 3 potions of degeneration {unknown}


   Skills:
 + Level 9.4 Fighting
 + Level 9.4 Axes
 + Level 9.0 Armour
 + Level 8.2 Dodging
 + Level 8.4 Shields


You had 9 spell levels left.
You didn't know any spells.
Your spell library was empty.

Dungeon Overview and Level Annotations

Branches:
Dungeon (9/15)             Temple (0/1) D:7
   Lair: D:8-11         Orc: D:9-12

Altars:
Ashenzari
Elyvilon
Nemelex Xobeh
Trog
Vehumet

Shops:
D:2 *   D:4 (   D:5 (   D:7 (   D:9 [

Annotations:
D:9 Erolcha


Innate Abilities, Weirdness & Mutations

You have a pair of horns on your head.
You reflexively headbutt those who attack you in melee.


Message History

a +2 whip of flaming; a +0 robe of willpower; the kobold corpse of Pikel Key pressed, stopping explore.
No target in view!
No target in view!
You now have 588 gold pieces (gained 9).
You recover from your berserk rage.
As you open the door, it creaks loudly!
No target in view!
There is an open door here.
Things that are here:
a +0 dagger; a +0 robe; an orc corpse You see here a +0 dagger.
Things that are here:
a +0 whip; a boomerang; an orc corpse
There is an open door here.
Erolcha the Cunning comes into view.
She is wielding a +2 spectral giant spiked club.
Erolcha shouts!
Erolcha gestures wildly while chanting.
Erolcha flickers and vanishes!
Deactivating autopickup; reactivate with Ctrl-A.
No target in view!
There is a strange disturbance nearby!
No target in view!
There is a strange disturbance nearby!
No target in view!
There is a strange disturbance nearby!
No target in view!
Unknown command.
You hit something but do no damage. Your headbutt misses something.
You slash something! Your headbutt misses something. Something hits you!!!
Ouch! That really hurt!
You hit something. You headbutt something! Something hits you!!!
* * * LOW HITPOINT WARNING * * *
You barely miss something. You headbutt something.
A red film seems to cover your vision as you go berserk!
You feel yourself moving faster!
You feel mighty! Something hits you but does no damage.
You barely miss something. You miss something. Your headbutt misses something.
Something hits you!!!
You die...

########################
................@.......
...............####.....
..........##....... ...
.)........##........ .
.....................
#####################
....................#
....................#
....................#


There were no monsters in sight!

Vanquished Creatures
  Pikel (D:9)
  2 cyclopes
  Maurice (D:8)
  Joseph (D:7)
  A spriggan (D:8)
  Eustachio (D:4)
  Menkaure (D:5)
  A steam dragon (D:7)
  Duvessa (D:6)
  An ice beast (D:7)
  3 sky beasts
  3 black bears (D:6)
  3 ogres
  3 centaurs
  2 lemures (D:9)
  A phantom (D:4)
  2 kobold brigands (D:9)
  6 bullfrogs
  3 scorpions
  4 wights (D:7)
  Dowan (D:6)
  12 killer bees (D:9)
  3 howler monkeys
  2 hounds
  2 orc priests
  3 jellies
  3 iguanas
  9 orc wizards
  3 gnolls (D:3)
  7 adders
  A shadow imp (D:7)
  A white imp (D:8)
  An ufetubus (D:5)
  4 worms
  2 dart slugs
  22 orcs
  7 bats
  5 endoplasms
  3 giant cockroaches
  8 goblins
  10 hobgoblins
  9 jackals
  3 quokkas
  16 ball pythons
  2 frilled lizards (D:1)
  15 kobolds
  6 rats
201 creatures vanquished.

Vanquished Creatures (collateral kills)
  A kobold brigand (D:7)
  A wight (D:7)
2 creatures vanquished.

Vanquished Creatures (others)
  An orc (D:8)
1 creature vanquished.

Grand Total: 204 creatures vanquished

Notes
Turn   | Place    | Note
-------+----------+-------------------------------------------
     0 | D:1      | LLlMATKO the Minotaur Berserker began the quest for the
                  | Orb.
     0 | D:1      | Reached XP level 1. HP: 19/19 MP: 0/0
    23 | D:1      | Found a faded altar of an unknown god.
   303 | D:1      | Reached XP level 2. HP: 26/27 MP: 1/1
   903 | D:2      | Found Reciari's Assorted Antiques.
   930 | D:2      | Reached ** piety under Trog
   945 | D:2      | Reached XP level 3. HP: 33/33 MP: 2/2
  1246 | D:2      | Reached skill level 1 in Shields
  1493 | D:3      | Reached XP level 4. HP: 38/41 MP: 3/3
  1580 | D:3      | Reached XP level 5. HP: 47/47 MP: 4/4
  1737 | D:3      | Noticed an ogre
  1742 | D:3      | Killed an ogre
  2214 | D:3      | Reached skill level 5 in Axes
  2215 | D:3      | Reached XP level 6. HP: 55/55 MP: 5/5
  2233 | D:3      | Reached *** piety under Trog
  2562 | D:4      | Found Qaithr Irex's Antique Weapon Shop.
  2580 | D:4      | Reached skill level 5 in Fighting
  2780 | D:4      | Noticed Eustachio
  2800 | D:4      | Killed Eustachio
  2801 | D:4      | Reached XP level 7. HP: 61/61 MP: 6/6
  3240 | D:5      | Entered Level 5 of the Dungeon
  3372 | D:5      | Reached skill level 5 in Armour
  3830 | D:5      | Found Ineuj's Firing Range.
  4066 | D:5      | Found a sparkling altar of Nemelex Xobeh.
  4258 | D:5      | Noticed Menkaure
  4263 | D:5      | Killed Menkaure
  4264 | D:5      | Reached skill level 5 in Dodging
  4264 | D:5      | Reached XP level 8. HP: 70/70 MP: 7/7
  4470 | D:5      | Found a bloodstained altar of Trog.
  4789 | D:6      | Reached skill level 5 in Shields
  4805 | D:6      | Noticed Dowan
  4824 | D:6      | Reached **** piety under Trog
  4826 | D:6      | Killed Dowan
  4848 | D:6      | Found a white marble altar of Elyvilon.
  5007 | D:6      | Found a broken altar of Ashenzari.
  5007 | D:6      | Noticed Duvessa
  5012 | D:6      | Killed Duvessa
  5154 | D:6      | Reached XP level 9. HP: 73/79 MP: 8/8
  5541 | D:7      | Noticed Joseph
  5553 | D:7      | Killed Joseph
  5659 | D:7      | Found Joown's Antique Weapon Shop.
  5787 | D:7      | Found a staircase to the Ecumenical Temple.
  6710 | D:7      | Found a radiant altar of Vehumet.
  6717 | D:7      | You fall into a shaft and drop 2 floors!
  6863 | D:9      | Found Nuniach's Armour Shoppe.
  7502 | D:8      | Noticed Maurice
  7502 | D:8      | Noticed a cyclops
  7519 | D:8      | Killed Maurice
  7520 | D:8      | Reached XP level 10. HP: 71/90 MP: 6/9
  7526 | D:8      | Killed a cyclops
  8287 | D:9      | Noticed a cyclops
  8301 | D:9      | Killed a cyclops
  8657 | D:9      | Noticed Pikel
  8670 | D:9      | Killed Pikel
  8798 | D:9      | Noticed Erolcha
  8804 | D:9      | HP: 2/91 [something (38)]
  8808 | D:9      | Annihilated by Erolcha

Illustrated notes

Levels and vault maps discovered:
D:1:      dpeg_arrival_rooms_a, layout_loops_cross,
          nicolae_ecumenical_snake_handling
D:2:      layout_loops_ring, serial_shops, shop, eino_tiny_chamber
D:3:      layout_loops_corners, minmay_joined_circles
D:4:      layout_rooms, serial_shops, shop, minmay_misc_feat_tower,
          uniq_eustachio
D:5:      layout_basic, lightli_temple_of_fire, nemelex_dance_club_becter,
          nicolae_shop_firing_range, uniq_menkaure
D:6:      layout_basic, elyvilon_altar_5, kennysheep_little_box, serial_glass,
          glass_columns_b, glass_columns_a, uniq_duvessa
D:7:      layout_layer_cave, nicolae_overflow_crystal_walls,
          minmay_temple_entry_junction, serial_shops, shop, uniq_joseph
D:8:      layout_gridville, the_hattery, uniq_maurice
D:9:      layout_stronghold, serial_shops, shop, minivault_24, uniq_erolcha,
          uniq_pikel

Skill      XL: |  1  2  3  4  5  6  7  8  9 10 |
---------------+-------------------------------+-----
Axes           | 4 5 6 7 8 9 |  9.4
Fighting       | 4 5 6 7 8 9 |  9.4
Armour         | 3 4 5 6 8 9 |  9.0
Shields        | 1 2 3 4 5 7 8 |  8.4
Dodging        | 3 4 5 6 7 8 |  8.2

Action                     |  1- 3 |  4- 6 |  7- 9 | 10-12 || total
---------------------------+-------+-------+-------+-------++-------
  Melee: Hand axe          |    45 |       |       |       ||    45
         Headbutt          |    10 |    14 |    40 |    23 ||    87
         War axe           |    21 |   126 |   223 |    85 ||   455
         Punch             |       |     2 |       |       ||     2
  Throw: Boomerang         |       |       |     2 |       ||     2
 Invoke: Berserk           |     1 |     3 |     6 |     4 ||    14
         Brothers in Arms  |       |       |     1 |       ||     1
 Armour: Chain mail        |     1 |       |       |       ||     1
         Plate armour      |    33 |    77 |   168 |    48 ||   326
  Dodge: Dodged            |    32 |    53 |   121 |    52 ||   258
  Block: Buckler           |       |       |    54 |    26 ||    80
